 Dungeon Crawl Stone Soup version 0.25-a0-1119-g28b6fd0c3b (webtiles) character file.

Game seed: 4988770629919578648, levelgen mode: deterministic

56588 hittemvvvvhard the Brawler (level 14, -3/148 HPs)
             Began as a Troll Chaos Knight on May 16, 2020.
             Was the Champion of Trog.
             Killed from afar by Azrael (33 damage)
             ... with damnation
             ... on level 2 of the Orcish Mines on May 17, 2020.
             The game lasted 00:47:35 (21408 turns).

hittemvvvvhard the Brawler (Troll Chaos Knight)    Turns: 21408, Time: 00:47:36

Health: -3/148     AC: 10    Str: 22    XL:     14   Next: 42%
Magic:  0/17       EV: 13    Int:  6    God:    Trog [******]
Gold:   2057       SH:  0    Dex: 10    Spells: 13/13 levels left

rFire    . . .     SeeInvis .     - Unarmed
rCold    . . .     Gourm    +   (no shield)
rNeg     . . .     Faith    .   a - +2 robe
rPois    .         Spirit   +   (helmet restricted)
rElec    .         Reflect  .   D - +2 cloak (curse)
rCorr    .         Harm     .   (gloves unavailable)
MR       +....                  (boots unavailable)
Stlth    +.........             G - amulet of guardian spirit {Spirit}
HPRegen  0.74/turn              x - +4 ring of slaying
MPRegen  0.15/turn              y - ring of flight

@: lethally poisoned (-3 -> -8), berserk cooldown, slowed, very slow
A: large, unfitting armour, claws 3, clumsy 1, deformed body, dopey 1, fast
metabolism 3, gourmand, mutation resistance 2, regeneration 1, shaggy fur 1,
tough skin 3, weak 1
a: Berserk, Trog's Hand, Brothers in Arms, Renounce Religion, Evoke Flight


You were on level 2 of the Orcish Mines.
You worshipped Trog.
Trog was exalted by your worship.
You were very full.

You visited 4 branches of the dungeon, and saw 20 of its levels.
You also visited: Volcano.

You collected 2057 gold pieces.

Inventory:

Hand Weapons
 b - a +4 scimitar of flaming
 K - the cursed +1 hunting sling of Symmetry {vorpal, rElec rPois rN+ Str-5, unknown}
   (You found it on level 1 of the Lair of Beasts)

   Any stone fired from it inflicts extra damage.
   It affects your strength (-5).
   It insulates you from electricity.
   It protects you from poison.
   It protects you from negative energy.
   It has a curse placed upon it.
Missiles
 m - 460 stones
 n - 260 arrows
 p - 98 sling bullets
 s - 5 large rocks {!d}
 A - 21 poisoned darts (quivered)
 B - 4 javelins
 J - a throwing net {=f}
 O - 5 datura-tipped darts
 Q - 287 bolts
 Y - 17 boomerangs
Armour
 a - a +2 robe (worn)
 f - a +0 robe of fire resistance {rF+}
 z - +0 steam dragon scales
 D - a cursed +2 cloak (worn)
Jewellery
 x - a +4 ring of slaying (left claw)
 y - a ring of flight (right claw)
 G - an amulet of guardian spirit (around neck) {Spirit}
 I - an uncursed ring of protection from cold
Wands
 d - a wand of disintegration (20)
 h - a wand of clouds (21)
 q - a wand of flame (49)
 r - a wand of acid (9)
 L - a wand of iceblast (19)
 M - a wand of enslavement (4)
 X - a wand of polymorph (7)
Scrolls
 c - 7 scrolls of remove curse
 i - a scroll of identify
 t - 3 scrolls of teleportation
 u - a scroll of enchant armour
 C - 2 scrolls of fear
 H - 4 scrolls of fog
 T - a scroll of summoning
 V - 3 scrolls of vulnerability {!r!r}
Potions
 g - 7 potions of might
 j - 2 potions of heal wounds
 k - 5 potions of flight
 l - 6 potions of lignification {!q}
 o - 2 potions of cancellation
 v - 4 potions of ambrosia
 w - 2 potions of haste
 E - 3 potions of resistance
 F - a potion of stabbing
 N - 16 potions of curing
 R - a potion of mutation {!q}
 S - a potion of invisibility
 U - a potion of magic
Miscellaneous
 P - a phantom mirror
Comestibles
 e - 32 rations


   Skills:
 + Level 11.7 Fighting
 - Level 6.0 Throwing
 - Level 8.0 Dodging
 + Level 16.4 Unarmed Combat
 - Level 6.0 Evocations


You had 13 spell levels left.
You didn't know any spells.
Your spell library was empty.

Dungeon Overview and Level Annotations

Branches:
Dungeon (11/15)            Temple (1/1) D:5            Lair (6/6) D:9
  Swamp (0/4) Lair:4       Spider (0/4) Lair:2        Slime (0/5) Lair:6
    Orc (2/2) D:11            Elf (0/3) Orc:2       Volcano (visited)

Altars:
Ashenzari
Cheibriados
Dithmenos
Elyvilon
Fedhas
Gozag
Hepliaklqana
Kikubaaqudgha
Makhleb
Qazlal
Ru
Trog
Vehumet
Xom
Yredelemnul
Zin
The Shining One
Beogh
Jiyva

Annotations:
D:3 1 runed translucent door, Crazy Yiuf
D:7 exclusion: downstairs
D:8 exclusion: 2 downstairs
Orc:2 Azrael


Innate Abilities, Weirdness & Mutations

You are too large for most types of armour.
You have claws for hands.
Your metabolism is lightning-fast.
You like to eat raw meat.
Your natural rate of healing is unusually fast.
You are covered in fur. (AC +1)
You have extremely tough skin. (AC +3)
You are clumsy. (Dex -2)
Armour fits poorly on your strangely shaped body.
You are dopey. (Int -2)
You are somewhat resistant to both further mutation and mutation removal.
You are weak. (Str -2)


Message History

The fire elemental barely misses you. Something hits you.
* * * LOW HITPOINT WARNING * * *
The hell hound bites you!
* * * LOW HITPOINT WARNING * * *
You regained 14 hp, and now have 26/148 hp.
You feel much better.
Your surroundings seem slightly different.
You feel very sick. The hell hound breathes flames at you.
The blast of flame hits you!
* * * LOW HITPOINT WARNING * * *
You regained 8 hp, and now have 34/148 hp.
You feel very sick.
You take 2 damage, and have 32/148 hp.
You feel very sick. Azrael gestures at you.
The sphere of damnation explodes!
The damnation engulfs you!!
* * * LOW MAGIC WARNING * * *
You die...
Xom thinks this is hilarious!

#......##.####..........
######.......#..............#
##.##........<.........)......
#.....................#.......
##.#.......###...[)...###.....
#.#.>..######...)...######...
###.#.....##....#[..#.#......
###...........#.....#......
#........@...###........##
##........#^..#.........##
#.........#..##.........##
##..oh....#...###......##
####..h#....##.## #..#..##
##.#.○○.#..###### #######
#....R○##### ##...○##
##..o°oo#..

Skill      XL: |  1  2  3  4  5  6  7  8  9 10 11 12 13 14 |
---------------+-------------------------------------------+-----
Unarmed Combat | 4 5 6 8 9 10 11 12 14 15 16 | 16.4
Dodging        | 3 5 7 8 |  8.0
Evocations     | 2 4 5 6 |  6.0
Fighting       | 3 5 7 9 10 11 | 11.7
Throwing       | 2 5 6 |  6.0

Notes
Turn   | Place    | Note
-------+----------+-------------------------------------------
     0 | D:1      | hittemvvvvhard the Troll Chaos Knight began the quest for
                  | the Orb.
     0 | D:1      | Reached XP level 1. HP: 22/22 MP: 0/0
   217 | D:1      | Reached XP level 2. HP: 24/29 MP: 1/1
   381 | D:1      | Reached skill level 4 in Unarmed Combat
   401 | D:1      | XOM: silly message
   578 | D:1      | Reached XP level 3. HP: 36/36 MP: 2/2
   695 | D:1      | XOM: silly message
   869 | D:2      | Noticed Terence
   876 | D:2      | Killed Terence
   924 | D:2      | Noticed Robin
   978 | D:2      | Reached XP level 4. HP: 44/44 MP: 3/3
   983 | D:2      | Reached skill level 5 in Unarmed Combat
   987 | D:2      | Killed Robin
  1245 | D:2      | Reached XP level 5. HP: 50/50 MP: 4/4
  1458 | D:2      | XOM: divination: magic mapping
  1499 | D:2      | XOM: divination: magic mapping
  1571 | D:2      | XOM: silly message
  1710 | D:3      | Reached skill level 6 in Unarmed Combat
  1748 | D:3      | XOM: noise
  1755 | D:3      | XOM: potion effect (berserk rage)
  1871 | D:3      | Reached XP level 6. HP: 54/59 MP: 5/5
  1966 | D:3      | Noticed Natasha
  1976 | D:3      | Killed Natasha
  1976 | D:3      | Reached skill level 7 in Unarmed Combat
  2040 | D:3      | Found a stormy altar of Qazlal.
  2146 | D:3      | Noticed Natasha
  2157 | D:3      | Killed Natasha
  2376 | D:3      | You fall into a shaft and drop 3 floors!
  2378 | D:6      | XOM: 1-stop teleportation journey
  2379 | D:6      | XOM: 1-stop teleportation journey
  2388 | D:6      | Found an ancient bone altar of Kikubaaqudgha.
  2388 | D:6      | Found a basalt altar of Yredelemnul.
  2388 | D:6      | Found a stormy altar of Qazlal.
  2391 | D:6      | Found a shadowy altar of Dithmenos.
  2391 | D:6      | Found a glowing golden altar of the Shining One.
  2391 | D:6      | Found a blossoming altar of Fedhas.
  2392 | D:6      | Found a glowing silver altar of Zin.
  2409 | D:6      | XOM: summons 4 hostile demons
  2413 | D:5      | Entered Level 5 of the Dungeon
  2422 | D:5      | Found a staircase to the Ecumenical Temple.
  2450 | Temple   | Entered the Ecumenical Temple
  2474 | Temple   | Fell from the grace of Xom
  2474 | Temple   | Became a worshipper of Trog the Wrathful
  2687 | D:5      | XOM: give mutations
  2687 | D:5      | Gained mutation: You are somewhat resistant to further
                  | mutation. [Xom's mischief]
  2687 | D:5      | Gained mutation: You are covered in thick fur. (AC +2)
                  | [Xom's mischief]
  2687 | D:5      | Gained mutation: Armour fits poorly on your strangely
                  | shaped body. [Xom's mischief]
  2803 | D:5      | Noticed Dowan
  2820 | D:4      | Reached skill level 8 in Unarmed Combat
  2820 | D:4      | Reached XP level 7. HP: 34/66 MP: 6/6
  3110 | D:3      | Noticed Natasha
  3121 | D:3      | Killed Natasha
  3352 | D:3      | Found a shimmering altar of Xom.
  3378 | D:3      | Found a runed translucent door.
  3379 | D:3      | Noticed Crazy Yiuf
  3638 | D:4      | XOM: 5-stop teleportation journey
  3726 | D:4      | Reached * piety under Trog
  3740 | D:4      | Reached skill level 9 in Unarmed Combat
  3947 | D:4      | XOM: give mutations
  3947 | D:4      | Gained mutation: You are dopey. (Int -2) [Xom's mischief]
  3947 | D:4      | Gained mutation: You are very dopey. (Int -4) [Xom's
                  | mischief]
  3947 | D:4      | Gained mutation: You are somewhat resistant to both further
                  | mutation and mutation removal. [Xom's mischief]
  3947 | D:4      | Lost mutation: You are covered in thick fur. (AC +2) [Xom's
                  | mischief]
  4270 | D:5      | Noticed Duvessa
  4282 | D:5      | Killed Duvessa
  4290 | D:5      | Killed Dowan
  4290 | D:5      | Reached XP level 8. HP: 65/74 MP: 7/7
  4410 | D:5      | Found a sacrificial altar of Ru.
  4606 | D:6      | XOM: give mutations
  4606 | D:6      | Lost mutation: You are very dopey. (Int -4) [Xom's
                  | mischief]
  4606 | D:6      | Lost mutation: Armour fits poorly on your strangely shaped
                  | body. [Xom's mischief]
  4606 | D:6      | Gained mutation: You are clumsy. (Dex -2) [Xom's mischief]
  4606 | D:6      | Gained mutation: Armour fits poorly on your strangely
                  | shaped body. [Xom's mischief]
  4638 | D:6      | Reached skill level 10 in Unarmed Combat
  4690 | D:6      | Reached skill level 2 in Dodging
  4802 | D:6      | Reached skill level 1 in Evocations
  4933 | D:6      | XOM: give mutation
  4933 | D:6      | Gained mutation: You are weak. (Str -2) [Xom's mischief]
  5005 | D:7      | Reached skill level 3 in Fighting
  5196 | D:7      | Noticed Pikel
  5213 | D:7      | Killed Pikel
  5213 | D:7      | Reached skill level 3 in Dodging
  5213 | D:7      | Reached skill level 2 in Evocations
  5248 | D:7      | XOM: summons 4 hostile demons
  5417 | D:7      | Reached ** piety under Trog
  5510 | D:7      | Reached XP level 9. HP: 84/84 MP: 9/9
  5638 | D:7      | Reached skill level 4 in Fighting
  5756 | D:7      | XOM: summons 4 hostile demons
  5928 | D:7      | Reached skill level 4 in Dodging
  6059 | D:8      | Reached skill level 3 in Evocations
  6083 | D:8      | Noticed Maurice
  6088 | D:7      | XOM: chaos upgrade
  6254 | D:8      | Noticed a skeletal warrior
  6282 | D:8      | Killed a skeletal warrior
  6282 | D:8      | Reached skill level 11 in Unarmed Combat
  6352 | D:8      | Noticed Maggie
  6364 | D:8      | Killed Maggie
  6364 | D:8      | Reached skill level 5 in Fighting
  6422 | D:8      | Noticed a skeletal warrior
  6451 | D:8      | Killed a skeletal warrior
  6451 | D:8      | Reached skill level 5 in Dodging
  6451 | D:8      | Reached skill level 4 in Evocations
  6451 | D:8      | Reached XP level 10. HP: 96/96 MP: 7/12
  6683 | D:8      | Noticed a skeletal warrior
  6694 | D:8      | XOM: enchant monster (bad)
  7058 | D:8      | Noticed Erica
  7077 | D:7      | Killed Erica
  7078 | D:7      | Reached *** piety under Trog
  7269 | D:8      | Killed Maurice
  7269 | D:8      | Reached skill level 6 in Fighting
  7482 | D:8      | Noticed a skeletal warrior
  7496 | D:8      | Killed a skeletal warrior
  7496 | D:8      | Reached skill level 12 in Unarmed Combat
  7615 | D:8      | Killed a skeletal warrior
  7799 | D:9      | XOM: noise
  7832 | D:8      | Paralysed by a hornet for 2 turns
  7837 | D:8      | Reached skill level 7 in Fighting
  8342 | D:9      | Reached XP level 11. HP: 67/109 MP: 8/13
  8430 | D:9      | Reached **** piety under Trog
  8499 | D:9      | Found a snail-covered altar of Cheibriados.
  8499 | D:9      | Found a hazy altar of Hepliaklqana.
  8622 | D:9      | Found a staircase to the Lair.
  8695 | D:9      | Reached skill level 13 in Unarmed Combat
  8747 | D:9      | Found a shattered altar of Ashenzari.
  8920 | D:9      | Reached skill level 8 in Fighting
  8971 | D:9      | XOM: noise
  9020 | D:9      | XOM: noise
  9090 | D:9      | XOM: noise
  9254 | D:10     | Entered Level 10 of the Dungeon
  9432 | D:10     | XOM: enchant monster (bad)
  9965 | D:10     | XOM: divination: detect items
 10167 | D:11     | XOM: enchant monster (bad)
 10210 | D:11     | Noticed a two-headed ogre
 10219 | D:11     | Noticed a two-headed ogre
 10334 | D:11     | Noticed a two-headed ogre
 10341 | D:11     | Killed a two-headed ogre
 10384 | D:10     | XOM: confusion (+ monsters)
 10572 | D:10     | Reached ***** piety under Trog
 10572 | D:10     | Reached skill level 9 in Fighting
 10776 | D:11     | Killed a two-headed ogre
 10784 | D:11     | Reached skill level 14 in Unarmed Combat
 10970 | D:11     | Was forgiven by Xom
 11056 | D:11     | Reached skill level 1 in Throwing
 11060 | D:11     | Found a staircase to the Orcish Mines.
 11135 | D:11     | Killed a two-headed ogre
 11135 | D:11     | Reached skill level 2 in Throwing
 11135 | D:11     | Reached XP level 12. HP: 124/124 MP: 12/14
 11816 | Lair:1   | Entered Level 1 of the Lair of Beasts
 11909 | Lair:1   | Got a fine hunting sling
 11929 | Lair:1   | Reached skill level 3 in Throwing
 11934 | Lair:1   | Noticed a four-headed hydra
 11945 | Lair:1   | HP: 45/189 [four-headed hydra (8)]
 11949 | Lair:1   | Killed a one-headed hydra
 12255 | Lair:1   | Reached skill level 10 in Fighting
 12267 | Lair:1   | Reached skill level 4 in Throwing
 12476 | Lair:1   | You fall into a shaft and drop 2 floors!
 12999 | Lair:2   | Found a hole to the Spider Nest.
 13327 | Lair:2   | Reached skill level 5 in Throwing
 14802 | Lair:4   | Reached skill level 15 in Unarmed Combat
 14802 | Lair:4   | Reached skill level 5 in Evocations
 15037 | Lair:4   | Noticed a death yak
 15037 | Lair:4   | Noticed a death yak
 15037 | Lair:4   | Noticed a death yak
 15042 | Lair:4   | Upgraded the game from 0.25-a0-1113-g0499d652a8 to
                  | 0.25-a0-1119-g28b6fd0c3b
 15045 | Lair:4   | Noticed a death yak
 15056 | Lair:3   | Killed a death yak
 15187 | Lair:3   | Killed a death yak
 15192 | Lair:3   | Killed a death yak
 15192 | Lair:3   | Reached XP level 13. HP: 126/133 MP: 9/16
 15284 | Lair:4   | Reached skill level 6 in Throwing
 15315 | Lair:4   | Found a staircase to the Swamp.
 16210 | Lair:5   | Noticed Snorg
 16219 | Lair:5   | Killed Snorg
 16219 | Lair:5   | Reached skill level 6 in Evocations
 16563 | Lair:5   | Reached skill level 6 in Dodging
 16581 | Lair:5   | Received a gift from Trog
 16798 | Lair:6   | Entered Level 6 of the Lair of Beasts
 17057 | Lair:6   | Found a dark tunnel.
 17075 | Volcano  | Entered a volcano
 17975 | Lair:6   | Paralysed by a hornet for 3 turns
 18149 | Lair:6   | Found a viscous altar of Jiyva.
 18149 | Lair:6   | Found a staircase to the Slime Pits.
 18175 | Lair:6   | Reached skill level 7 in Dodging
 18180 | Lair:6   | Reached skill level 11 in Fighting
 18751 | Lair:6   | Reached XP level 14. HP: 58/146 MP: 7/17
 18871 | Lair:6   | Found the +6 lightning scales {run, rElec}
 18896 | Lair:6   | Reached skill level 16 in Unarmed Combat
 18992 | Lair:6   | Reached ****** piety under Trog
 19922 | Orc:1    | Entered Level 1 of the Orcish Mines
 20015 | Orc:1    | Received a gift from Trog
 20203 | Orc:1    | Reached skill level 8 in Dodging
 20407 | Orc:1    | Found a roughly hewn altar of Beogh.
 20531 | Orc:2    | Entered Level 2 of the Orcish Mines
 21341 | Orc:2    | Found a staircase to the Elven Halls.
 21373 | Orc:2    | Noticed Azrael
 21401 | Orc:2    | HP: 52/222 [something (5)]
 21403 | Orc:2    | HP: 24/148 [poisoned by an orc warrior]
 21408 | Orc:2    | HP: 30/148 [poisoned by an orc warrior]
 21408 | Orc:2    | Killed from afar by Azrael

Table legend:
 A = Turns spent in this place as a percentage of turns spent in the entire game.
 B = Non-inter-level travel turns spent in this place as a percentage of non-inter-level travel turns spent in the entire game.
 C = Inter-level travel turns spent in this place as a percentage of turns spent in this place.
 D = Turns resting spent in this place as a percentage of non-inter-level travel turns spent in this place.
 E = Turns spent auto-exploring this place as a percentage of non-inter-level travel turns spent in this place.
 F = Non-inter-level travel turns spent in this place divided by the number of levels of this place that you've seen.
                   A       B       C       D       E      F
               +-------+-------+-------+-------+-------+----------------------
         Total | 100.0 | 100.0 |   5.1 |   9.1 |  69.8 | 967.3
       Dungeon |  56.0 |  55.2 |   6.5 |  10.6 |  66.8 | 1019.0
        Temple |   0.2 |   0.2 |   0.0 |   0.0 |  50.0 |  36.0
          Lair |  33.6 |  34.0 |   3.8 |   3.9 |  80.1 | 1151.8
  Orcish Mines |   6.2 |   6.3 |   2.6 |   2.6 |  66.6 | 644.5
       Volcano |   4.1 |   4.3 |   0.0 |  39.9 |  32.0 | 868.0
               +-------+-------+-------+-------+-------+----------------------

Table legend:
 A = Kills in this place as a percentage of kills in entire the game.
 B = Kills by you in this place as a percentage of kills by you in the entire game.
 C = Kills by friends in this place as a percentage of kills by friends in the entire game.
 D = Other kills in this place as a percentage of other kills in the entire game.
 E = Experience gained in this place as a percentage of experience gained in the entire game.
 F = Experience gained in this place divided by the number of levels of this place that you have seen.
                   A       B       C       D       E      F
               +-------+-------+-------+-------+-------+----------------------
         Total | 100.0 | 100.0 |   N/A |   N/A | 100.0 | 3849.5
       Dungeon |  54.4 |  54.4 |   N/A |   N/A |  29.8 | 2188.5
          Lair |  26.8 |  26.8 |   N/A |   N/A |  51.8 | 6976.3
  Orcish Mines |  16.2 |  16.2 |   N/A |   N/A |  11.8 | 4765.5
       Volcano |   2.6 |   2.6 |   N/A |   N/A |   6.7 | 5377.0
               +-------+-------+-------+-------+-------+----------------------

Action                   |  1- 3 |  4- 6 |  7- 9 | 10-12 | 13-15 || total
-------------------------+-------+-------+-------+-------+-------++-------
Melee: Unarmed           |    86 |   218 |   260 |   522 |   574 ||  1660
       Punch             |       |     5 |     8 |    35 |    49 ||    97
       Scimitar          |       |       |       |     8 |     4 ||    12
Throw: Stone             |    26 |    73 |   113 |       |       ||   212
       Dart              |       |       |     6 |   215 |   147 ||   368
       Javelin           |       |       |     3 |     9 |     4 ||    16
       Throwing net      |       |       |     1 |       |       ||     1
       Boomerang         |       |       |       |    35 |       ||    35
       Large rock        |       |       |       |     1 |    11 ||    12
Invok: Berserk           |       |       |     6 |    13 |    13 ||    32
       Trog's Hand       |       |       |       |     4 |     3 ||     7
 Abil: Evoke Flight      |       |       |       |       |     1 ||     1
Evoke: Wand              |       |       |     2 |     1 |     1 ||     4
  Use: Scroll            |     4 |     6 |    12 |     5 |     5 ||    32
       Potion            |       |       |       |       |     2 ||     2
 Stab: Sleeping          |     2 |       |     1 |       |       ||     3
       Distracted        |       |       |     1 |       |       ||     1
       Held in net/web   |       |       |       |     1 |       ||     1
  Eat: Chunk             |    14 |    17 |    38 |    92 |    76 ||   237
       Ration            |       |       |       |     3 |       ||     3
Armor: Robe              |    42 |    88 |    86 |   137 |   118 ||   471
Dodge: Dodged            |    56 |   110 |    90 |   176 |   305 ||   737
       Rpst.: Scimitar   |       |       |       |       |     1 ||     1

Vanquished Creatures
  An ettin (Orc:1)
  Snorg (Lair:5)
  2 hydras
  Erica (D:7)
  4 death yaks (Lair:3)
  3 two-headed ogres (D:11)
  2 orc high priests (Orc:1)
  4 skeletal warriors (D:8)
  An unseen horror (D:11)
  2 lindwurms (Volcano)
  Pikel (D:7)
  2 orc knights
  An orb spider (Lair:2)
  An orc sorcerer (Orc:1)
  A cyclops (D:11)
  9 elephants
  A toenail golem (Volcano)
  Maurice (D:8)
  2 black mambas (Lair:6)
  3 molten gargoyles (Volcano)
  A centaur skeleton (D:11)
  8 spiny frogs
  Maggie (D:8)
  2 rime drakes
  3 efreet (Volcano)
  4 komodo dragons
  4 trolls
  5 polar bears (Lair:6)
  A tyrant leech (Lair:4)
  8 hippogriffs
  8 hornets
  9 blink frogs
  2 dream sheep (Lair:6)
  33 yaks
  15 spriggans (Lair:6)
  3 wyverns
  A wraith (D:11)
  2 basilisks
  5 fire elementals (Volcano)
  3 hungry ghosts
  A two-headed ogre zombie (D:11)
  A soldier ant (D:10)
  2 swamp worms (Lair:4)
  3 wargs
  Duvessa (D:5)
  4 porcupines
  3 hell hounds (Orc:2)
  11 water moccasins
  2 ice beasts
  18 orc warriors
  2 black bears (Lair:6)
  An eye of draining (D:11)
  4 phantoms
  2 sky beasts
  3 slaves (D:7)
  13 ogres
  25 wolves
  3 boggarts (Lair:6)
  5 centaurs
  8 crocodiles
  2 big kobolds
  2 earth elementals (Volcano)
  A gnoll sergeant (D:8)
  A wyvern zombie (D:6)
  Dowan (D:5)
  15 bullfrogs
  4 scorpions
  3 troll zombies (D:11)
  8 killer bees (D:9)
  3 wights
  An electric eel (Lair:1)
  5 howler monkeys
  7 crimson imps
  A centaur zombie (D:5)
  A jelly (D:10)
  3 quasits
  26 orc priests
  A bullfrog zombie (D:9)
  3 hounds
  2 iguanas
  Terence (D:2)
  Natasha (thrice) (D:3)
  18 orc wizards
  A hell rat (Lair:6)
  3 worker ants
  4 ogre zombies (D:11)
  2 hound skeletons
  2 worker ant zombies
  Robin (D:2)
  10 gnolls
  10 adders
  2 adder zombies
  3 adder skeletons
  4 worms
  2 dart slugs (D:1)
  4 leopard geckos
  76 orcs
  A ball python (D:1)
  7 giant cockroaches
  26 goblins
  5 hobgoblins
  12 jackals
  3 quokkas
  A ball python skeleton (D:4)
  9 bats
  3 frilled lizards
  3 goblin skeletons (D:11)
  A goblin zombie (D:11)
  A hobgoblin zombie (D:11)
  A jackal skeleton (D:4)
  15 kobolds
  A leopard gecko zombie (D:6)
  An orc skeleton (D:11)
  18 orc zombies (D:11)
  5 rats
  A butterfly (D:8)
  A fire vortex (Volcano)
624 creatures vanquished.

Vanquished Creatures (others)
  A slave (D:7)
  A goblin skeleton (D:11)
  3 fungi
5 creatures vanquished.

Grand Total: 629 creatures vanquished You could see Azrael, 2 hell hounds and an orc.

Levels and vault maps discovered:
D:1:      minmay_arrival_four_houses, layout_basic
D:2:      layout_loops_ring, uniq_terence, uniq_robin
D:3:      layout_basic, tgw_xom, first_ration, grunt_qazlal_clouds,
          uniq_crazy_yiuf_cottage, uniq_natasha
D:4:      layout_loops_cross
D:5:      layout_basic, nicolae_ru_sacrificial_ziggurat,
          minmay_temple_entry_proselytizer, uniq_duvessa
D:6:      layout_rooms, grunt_temple_overflow_open
D:7:      layout_basic, minmay_diced_spiral, uniq_pikel
D:8:      layout_cave_pools, hangedman_glass_garden, uniq_erica, uniq_maurice,
          uniq_maggie
D:9:      layout_roguey, ashenzari_altar_1, gammafunk_temple_overflow_wave,
          erik_lair_orcish_takeover, kennysheep_pointless_box
D:10:     layout_irregular_city, grunt_ogre_cave
D:11:     layout_cave_pools, zombieorc2_lemuel
Temple:   compressed_dpeg_circular_temple
Lair:1:   layout_small_grid, grunt_megastairs_1, serial_bayou_shore_a
Lair:2:   layout_regular_city, nicolae_spider_entry_orb_guardian,
          grunt_megastairs_5
Lair:3:   layout_cave_pods
Lair:4:   layout_small_grid, minmay_swamp_entry_worms,
          chequers_serial_rivers_large_a
Lair:5:   layout_roguey, minivault_27, infiniplex_staircase_pool,
          grunt_megastairs_4, uniq_snorg
Lair:6:   minmay_lair_end_enchanted_forest, layout_cave_pods, slime_altar_1,
          nicolae_volcano_entry_two_sided
Orc:1:    layout_caves, minmay_orc_temple_c
Orc:2:    kennysheep_orc_mage_school, layout_diamond_mine, basic_altar,
          uniq_azrael
